AoeStats
← WINDECKO

Oasis

509761171Analyzed
3v3 RM · 4d ago on Sep 27, 2026· 70m 50s· 6 players
Game mode
Random Map
Map size
Normal (6 player)
Population
200
Speed
Normal
Resources
Standard
Victory
Conquest
Starting age
Dark Age
Ending age
Imperial Age
RankedLock teamsTeams togetherTeam positionsShared explorationLock speedFull tech treeHidden civsTurbo modeCheats
Victory
Defeat
🇨🇴 Mongols · Colombia
716
+17
🇦🇺 Georgians · Australia
714
+17
🇨🇴 Chinese · Colombia
714
+17
🇧🇴 Persians · Bolivia
774
-18
🇧🇴 Teutons · Bolivia
772
-18
🇧🇴 Spanish · Bolivia
694
-15
DaddySween
2:17 Loom
11:06 Feudal Age
11:32 Double-Bit Axe
11:33 Horse Collar
14:16 Wheelbarrow
19:05 Castle Age
20:55 Hand Cart
20:52 Bow Saw
20:46 Heavy Plow
26:50 Gold Mining
27:01 Stone Mining
28:02 Treadmill Crane
29:14 Stone Shaft Mining
33:13 Imperial Age
31:24 Caravan
32:19 Scale Barding Armor
32:28 Forging
33:47 Chain Barding Armor
34:24 Crop Rotation
35:05 Iron Casting
34:55 Conscription
34:50 Aznauri Cavalry
34:51 Husbandry
35:08 Bloodlines
35:09 Elite Monaspa
37:17 Plate Barding Armor
37:43 Blast Furnace
37:48 Guilds
38:57 Ballistics
38:33 Murder Holes
39:39 Chemistry
38:52 Masonry
40:54 Light Cavalry
44:56 Hoardings
46:17 Masonry
46:18 Fortified Wall
47:09 Chemistry
46:17 Siege Engineers
45:59 Arrowslits
46:05 Guard Tower
53:10 Fletching
56:30 Town Watch
58:09 Town Patrol
59:42 Bodkin Arrow
60:21 Architecture
ARV-070
1:46 Loom
9:17 Feudal Age
9:57 Town Watch
10:51 Wheelbarrow
11:09 Double-Bit Axe
11:08 Horse Collar
21:21 Castle Age
19:54 Gold Mining
22:19 Hand Cart
22:06 Town Patrol
22:50 Gold Shaft Mining
22:05 Stone Mining
22:29 Heavy Plow
22:40 Bow Saw
26:56 Fletching
27:28 Scale Barding Armor
30:13 Stone Mining
31:06 Gold Shaft Mining
31:03 Bodkin Arrow
31:11 Padded Archer Armor
31:24 Forging
31:37 Chain Barding Armor
35:40 Imperial Age
34:21 Stone Shaft Mining
34:56 Caravan
37:13 Conscription
36:55 Nomads
37:31 Bracer
37:47 Leather Archer Armor
38:07 Iron Casting
37:33 Scale Mail Armor
37:59 Ballistics
38:39 Chemistry
39:49 Thumb Ring
40:11 Parthian Tactics
43:19 Blast Furnace
42:17 Murder Holes
42:28 Siege Engineers
42:34 Masonry
42:44 Bloodlines
42:35 Husbandry
43:15 Drill
43:58 Elite Mangudai
45:43 Coinage
46:09 Elite Mangudai
47:32 Heavy Camel Rider
47:35 Elite Steppe Lancer
49:08 Hoardings
48:13 Capped Ram
50:36 Banking
51:08 Siege Ram
mr.falla2016
0:32 Loom
11:27 Feudal Age
12:54 Feudal Age
14:58 Horse Collar
15:05 Double-Bit Axe
18:46 Castle Age
19:37 Wheelbarrow
20:30 Heavy Plow
22:23 Bow Saw
22:23 Caravan
26:42 Murder Holes
27:08 Ballistics
26:38 Heated Shot
26:46 Heated Shot
27:01 Gold Mining
27:04 Stone Mining
27:10 Fletching
27:32 Forging
28:59 Bodkin Arrow
30:10 Fortified Wall
30:11 Masonry
31:01 Gold Shaft Mining
31:04 Stone Shaft Mining
30:23 Town Watch
31:54 Hand Cart
31:39 Town Patrol
36:11 Imperial Age
35:04 Guard Tower
35:24 Great Wall
36:59 Bracer
36:22 Heavy Rocket Cart
38:02 Coinage
38:42 Conscription
37:45 Elite Chu Ko Nu
42:56 Rocketry
44:04 Chemistry
43:35 Architecture
42:56 Heated Shot
42:52 Arrowslits
43:43 Keep
45:26 Iron Casting
44:52 Scale Mail Armor
44:57 Scale Barding Armor
44:53 Padded Archer Armor
44:30 Sappers
45:08 Pikeman
45:49 Squires
45:09 Elite Fire Lancer
45:36 Arson
46:08 Halberdier
48:10 Capped Ram
48:11 Heavy Scorpion
53:26 Siege Ram
57:26 Leather Archer Armor
58:11 Blast Furnace
57:27 Chain Mail Armor
57:33 Chain Barding Armor
60:07 Ring Archer Armor
69:07 Two-Man Saw
71:19 Husbandry
70:40 Cavalier
FredWar
2:48 Loom
12:07 Feudal Age
14:53 Horse Collar
15:00 Double-Bit Axe
15:31 Gold Mining
16:30 Wheelbarrow
20:49 Stone Mining
21:44 Forging
21:58 Town Watch
22:27 Man-at-Arms
25:05 Scale Mail Armor
25:58 Padded Archer Armor
27:35 Fletching
27:33 Arson
31:43 Castle Age
32:44 Hand Cart
32:30 Town Patrol
32:35 Caravan
33:30 Stone Shaft Mining
33:56 Bow Saw
34:39 Elite Skirmisher
39:57 Imperial Age
38:25 Iron Casting
38:39 Ballistics
39:33 Murder Holes
41:02 Elite Conquistador
45:46 Chemistry
44:57 Fortified Wall
44:38 Guard Tower
44:34 Arrowslits
46:15 Two-Man Saw
45:36 Chain Mail Armor
46:22 Blast Furnace
45:29 Pikeman
46:11 Squires
45:57 Gambesons
45:33 Long Swordsman
46:18 Inquisition
46:25 Inquisition
46:31 Herbal Medicine
46:48 Redemption
50:06 Cavalier
50:48 Husbandry
51:00 Bloodlines
53:07 Bombard Tower
53:23 Keep
52:38 Paladin
56:15 Plate Mail Armor
55:51 Scale Barding Armor
56:01 Leather Archer Armor
55:41 Bodkin Arrow
61:59 Masonry
62:18 Chain Barding Armor
61:59 Bracer
62:29 Ring Archer Armor
WINDECKO
9:59 Feudal Age
10:23 Double-Bit Axe
10:33 Gold Mining
10:56 Loom
11:46 Wheelbarrow
12:47 Horse Collar
15:27 Town Watch
20:03 Bloodlines
20:56 Wheelbarrow
24:21 Castle Age
22:28 Stone Mining
23:23 Scale Barding Armor
24:25 Forging
24:48 Heavy Plow
25:05 Bow Saw
25:03 Husbandry
25:26 Caravan
26:45 Iron Casting
27:50 Gold Shaft Mining
27:42 Hand Cart
29:16 Coinage
29:30 Town Patrol
30:32 Stone Shaft Mining
32:03 Chain Barding Armor
31:33 Gambesons
32:04 Masonry
35:22 Imperial Age
33:21 Ballistics
34:05 Murder Holes
34:14 Kamandaran
34:07 Fletching
34:18 Padded Archer Armor
35:24 Squires
35:10 Arson
35:24 Bodkin Arrow
35:44 Leather Archer Armor
36:08 Crop Rotation
36:55 Two-Man Saw
36:58 Chemistry
36:13 Citadels
37:16 Conscription
37:30 Ring Archer Armor
38:08 Plate Barding Armor
40:17 Blast Furnace
38:50 Elite War Elephant
40:34 Architecture
41:37 Cavalier
41:38 Heavy Camel Rider
41:45 Crossbowman
42:50 Guilds
43:12 Banking
45:10 Thumb Ring
44:28 Elite Skirmisher
59:27 Hoardings
67:48 Guard Tower
Barbeitus
10:25 Feudal Age
12:06 Wheelbarrow
11:54 Horse Collar
12:03 Double-Bit Axe
19:58 Gold Mining
23:20 Castle Age
25:00 Hand Cart
24:57 Caravan
26:38 Fortified Wall
28:57 Bow Saw
30:18 Stone Mining
31:44 Forging
31:34 Scale Mail Armor
31:39 Scale Barding Armor
33:45 Bloodlines
33:40 Squires
33:26 Arson
33:30 Gambesons
34:03 Masonry
38:14 Imperial Age
36:36 Stone Shaft Mining
36:53 Iron Casting
36:33 Chain Mail Armor
36:39 Chain Barding Armor
38:42 Cavalier
40:15 Heavy Plow
41:22 Two-Man Saw
41:03 Conscription
40:17 Paladin
42:00 Blast Furnace
41:31 Plate Mail Armor
41:37 Crop Rotation
42:23 Plate Mail Armor
42:29 Plate Barding Armor
42:23 Town Watch
46:13 Siege Engineers
47:06 Onager
48:58 Chemistry
49:28 Siege Onager
Connection lost

Rejoining the realm…

Still unreachable

The connection could not be restored.

Session expired

The server has moved on; the page needs a fresh start.